 Dungeon Crawl Stone Soup version 0.22.0-60-ga52c2fc (webtiles) character file.

71028 dvd the Archer (level 14, -3/72 HPs)
             Began as a Spriggan Artificer on Sept 8, 2018.
             Was a High Priest of Nemelex Xobeh.
             Killed from afar by Nikola (47 damage)
             ... with a bolt of lightning
             ... on level 1 of the Snake Pit on Sept 9, 2018.
             The game lasted 03:18:54 (28959 turns).

dvd the Archer (Spriggan Artificer)                Turns: 28959, Time: 03:18:55

Health: -3/72      AC:  5    Str: 10    XL:     14   Next: 96%
Magic:  29/29      EV: 31    Int: 20    God:    Nemelex Xobeh [*****.]
Gold:   640        SH:  0    Dex: 24    Spells: 6/34 levels left

rFire    . . .     SeeInvis +   b - +4 shortbow (freeze)
rCold    . . .     Gourm    .   (shield currently unavailable)
rNeg     . . .     Faith    .   N - +2 robe {MR+}
rPois    +         Spirit   .   (helmet restricted)
rElec    .         Reflect  .   u - +0 cloak
rCorr    .         Harm     .   (gloves unavailable)
MR       +++..                  (boots unavailable)
Stlth    +++++.....             o - amulet of regeneration
HPRegen  0.62/turn              W - +5 ring of dexterity
MPRegen  0.21/turn              G - +5 ring of intelligence

@: very quick
A: very small, unfitting armour, antennae 1, see invisible, agile 1, herbivore,
speed 3, poison resistance, slow metabolism 2
a: Triple Draw, Deal Four, Stack Five, Renounce Religion


You were on level 1 of the Snake Pit.
You worshipped Nemelex Xobeh.
Nemelex Xobeh was extremely pleased with you.
You were not hungry.

You visited 5 branches of the dungeon, and saw 23 of its levels.
You also visited: Volcano.

You collected 2378 gold pieces.
You spent 1738 gold pieces at shops.

Inventory:

Hand Weapons
 a - the +8 dagger "Viso" {elec, Int+3 SInv}
   (You bought it in a shop on level 2 of the Orcish Mines)

   Occasionally, upon striking a foe, it will discharge some electrical energy
   and cause terrible harm.
   It affects your intelligence (+3).
   It lets you see invisible.
 b - a +4 shortbow of freezing (weapon)
 c - the +9 falchion "Ahokhly" {freeze, rC+}
   (You found it on level 12 of the Dungeon)

   It has been specially enchanted to freeze those struck by it, causing extra
   injury to most foes and up to half again as much damage against particularly
   susceptible opponents.
   It can also slow down cold-blooded creatures.
   It protects you from cold.
 d - the +9 staff of Olgreb {rPois}
   (You found it on level 10 of the Dungeon)

   It protects you from poison.
 e - the +8 long sword of Xom's Envy {slice, rN++ MP+9}
   (You bought it in a shop on level 2 of the Orcish Mines)

   It inflicts extra damage upon your enemies.
   It greatly protects you from negative energy.
   It affects your magic capacity (+9).
 A - a +2 broad axe of freezing
 O - a +3 rapier of speed
Missiles
 g - 3 tomahawks of returning
 k - 35 tomahawks
 E - 264 arrows (quivered)
Armour
 q - a +0 troll leather armour
 u - a +0 cloak (worn)
 N - a +2 robe of magic resistance (worn)
 Z - +2 storm dragon scales
Magical Staves
 p - an uncursed staff of death
 S - an uncursed staff of conjuration
Jewellery
 o - an amulet of regeneration (around neck)
 y - an uncursed ring of wizardry
 G - a +5 ring of intelligence (right hand)
 W - a +5 ring of dexterity (left hand)
 X - an uncursed ring of protection from cold
 Y - a +3 ring of evasion
Wands
 t - a wand of polymorph (31)
 C - a wand of iceblast (6)
 L - a wand of paralysis (5)
Scrolls
 i - 8 scrolls of teleportation
 j - 13 scrolls of identify
 m - 2 scrolls of magic mapping
 v - 7 scrolls of remove curse
 z - 2 scrolls of silence
 B - 4 scrolls of blinking
 J - 2 scrolls of fear
 M - 4 scrolls of fog
 R - a scroll of amnesia
 V - a scroll of enchant armour
Potions
 h - 4 potions of magic
 l - 4 potions of might
 n - 3 potions of flight
 r - 14 potions of curing
 s - 3 potions of berserk rage
 w - a potion of agility
 F - 7 potions of ambrosia
 H - a potion of heal wounds
 P - a potion of mutation
Miscellaneous
 x - a plain deck of summoning {drawn: 11}
 D - a legendary deck of summoning
 Q - an ornate deck of destruction {drawn: 5}
 T - a legendary deck of destruction
 U - a legendary deck of escape {drawn: 3}
Comestibles
 f - 21 rations


   Skills:
 + Level 7.4 Fighting
 + Level 10.4(10.8) Short Blades
 * Level 3.7(6.3) Long Blades
 + Level 12.0 Bows
 + Level 4.2 Throwing
 + Level 0.9 Armour
 * Level 11.9 Dodging
 + Level 10.9 Stealth
 + Level 10.5 Spellcasting
 + Level 3.6 Charms
 + Level 5.4 Summonings
 + Level 7.5 Necromancy
 + Level 1.2 Translocations
 + Level 4.7 Air Magic
 + Level 2.4 Invocations
 * Level 11.8 Evocations


You had 6 spell levels left.
You knew the following spells:

 Your Spells              Type           Power        Failure   Level  Hunger
a - Vampiric Draining     Necr           #####.....   1%          3    None
b - Recall                Summ/Tloc      N/A          4%          3    None
c - Call Canine Familiar  Summ           ####....     1%          3    None
d - Summon Lightning Spi  Summ/Air       ####....     8%          4    ##.....
e - Regeneration          Chrm/Necr      ####......   1%          3    None
f - Animate Dead          Necr           N/A          3%          4    ##.....
g - Airstrike             Air            ####......   9%          4    ##.....
h - Summon Ice Beast      Ice/Summ       ###.....     22%         4    ##.....

Your spell library contained the following spells:

 Spells                   Type           Power        Failure   Level  Hunger
 Animate Skeleton         Necr           N/A          1%          1    None
 Pain                     Necr           ####         1%          1    None
 Summon Small Mammal      Summ           ####         1%          1    None
 Call Imp                 Summ           ####....     1%          2    None
 Swiftness                Chrm/Air       ####....     1%          2    None
 Shock                    Conj/Air       ###.         2%          1    None
 Apportation              Tloc           ###...       4%          1    None
 Summon Guardian Golem    Hex/Summ       ###.....     6%          3    None
 Confusing Touch          Hex            ##....       7%          1    None
 Flame Tongue             Conj/Fire      ##...        7%          1    None
 Sandblast                Erth           ##....       7%          1    None
 Static Discharge         Conj/Air       ###.....     8%          3    None
 Passwall                 Tmut/Erth      ##......     10%         2    None
 Stone Arrow              Conj/Erth      ##....       21%         3    None
 Borgnjor's Vile Clutch   Necr/Erth      ####......   36%         5    ####...
 Death Channel            Necr           #####.....   43%         6    ######.
 Cause Fear               Hex            ##........   54%         4    ##.....
 Petrify                  Tmut/Erth      ##......     54%         4    ##.....
 Lightning Bolt           Conj/Air       ###.......   56%         5    ####...
 Lee's Rapid Deconstruct  Erth           ##........   88%         5    ####...
 Simulacrum               Ice/Necr       ####......   91%         6    ######.
 Bolt of Fire             Conj/Fire      ##........   100%        6    ######.
 Dragon Form              Tmut           ##........   100%        7    #######
 Dragon's Call            Summ           ####......   100%        9    #######


Dungeon Overview and Level Annotations

Branches:
Dungeon (13/15)            Temple (1/1) D:5            Lair (6/6) D:9
  Swamp (0/4) Lair:2        Snake (1/4) Lair:4        Slime (0/5) Lair:6
    Orc (2/2) D:12            Elf (0/3) Orc:2        Vaults (0/5) D:13

Altars:
Ashenzari
Cheibriados
Dithmenos
Elyvilon
Fedhas
Gozag
Hepliaklqana
Kikubaaqudgha
Makhleb
Nemelex Xobeh
Okawaru
Qazlal
Ru
Sif Muna
Trog
Uskayaw
Vehumet
Wu Jian
Xom
Yredelemnul
Zin
The Shining One
Beogh
Jiyva

Shops:
D:5 [   Orc:2 (?%(

Annotations:
Snake:1 Nikola


Innate Abilities, Weirdness & Mutations

You are very small and have problems with some larger weapons.
You are too small for most types of armour.
You have supernaturally acute eyesight. (SInv)
You are a herbivore.
You cover ground extremely quickly.
You need to consume almost no food.
You have a pair of small antennae on your head.
You are agile. (Dex +2)
Your system is resistant to poisons. (rPois)


Message History

Unknown command.
The black mamba is no longer moving slowly.
Your naga zombie barely misses the black mamba.
Your naga zombie grabs the black mamba.
Your naga zombie constricts the black mamba.
Your centaur hits the black mamba.
Firing (i - inventory. (/) - cycle)
E - 265 arrows (quivered)
Press: ? - help, Shift-Dir - straight line, f/p - black mamba
Aim: a black mamba (severely wounded, constricted by your naga zombie)
You shoot an arrow. The arrow hits the black mamba.
The arrow freezes the black mamba.
The black mamba is severely wounded.
The black mamba struggles to escape constriction.
Nikola points at you and mumbles some strange words.
The bolt of lightning hits the black mamba.
The black mamba dies!
The bolt of lightning hits you! x2
Ouch! That really hurt!
You die...
Your body glows with a rainbow of weird colours and disappears.

#..#..# #.....##.#
....###..##...(.#..#
..#######.##...(...##
.. ..(.@##......## #
.....(#..(..##
#..cZ...# ##.(Z...#
#......# ##..@..#
#####.#.######.
...............
######.<.###...
#.......# #.†.#####
#(... #(.#.. ......#


You could see Nikola, a friendly centaur, a friendly naga zombie and a friendly
naga sharpshooter zombie.

Vanquished Creatures
  Nessos (Lair:6)
  Erolcha (D:12)
  Harold (D:7)
  3 hydras
  An ice dragon (D:12)
  2 dancing weapons (D:13)
  The ghost of Kagorn the Fighter, a journeyman GrBe of Trog (Orc:1)
  3 two-headed ogres
  The ghost of harcile the Carver, a novice HOBe of Trog (D:8)
  2 death yaks
  4 orc high priests (Orc:2)
  The ghost of harcile the Carver, a novice HOBe of Trog (D:7)
  Nergalle (Lair:6)
  2 unseen horrors
  Pikel (D:4)
  An orc knight (Orc:1)
  A lindwurm (Lair:6)
  2 orc sorcerers
  An oklob plant (Lair:3)
  An ugly thing (D:11)
  A wolf spider (Orc:1)
  2 cyclopes
  Maurice (D:9)
  9 elephants
  A water nymph (Orc:2)
  4 black mambas
  A torpor snail (Lair:5)
  6 spiny frogs
  7 rime drakes
  3 komodo dragons
  A kobold demonologist (D:13)
  A tengu conjurer (D:13)
  A meliai (Lair:5)
  3 polar bears
  Grinder (D:6)
  8 trolls
  5 blink frogs
  3 hippogriffs
  A spriggan (D:7)
  2 shadows
  2 tarantellas (Orc:1)
  5 wyverns
  A redback (Orc:1)
  22 yaks
  3 hogs (Lair:5)
  A wraith (D:10)
  A golden eye (Lair:4)
  3 hungry ghosts
  A basilisk (Lair:5)
  10 wargs
  3 nagas (Lair:4)
  4 soldier ants
  Edmund (D:5)
  10 water moccasins
  A porcupine (Lair:5)
  A black bear (D:9)
  12 orc warriors
  A slave (D:4)
  2 ice beasts
  2 sky beasts
  14 ogres
  6 necrophages
  5 phantoms
  8 wolves
  5 centaurs
  11 crocodiles
  2 big kobolds
  Blork the orc (D:4)
  13 bullfrogs
  A wyvern zombie (D:8)
  12 orc wizards
  A scorpion (Orc:1)
  A water moccasin skeleton (D:7)
  15 killer bees
  5 wights
  A howler monkey (Orc:1)
  2 crimson imps
  3 centaur zombies
  3 bullfrog zombies
  10 hounds
  33 orc priests
  2 jellies
  Jessica (D:3)
  3 bullfrog skeletons
  5 iguanas
  7 worker ants
  A hound zombie (D:7)
  A hound skeleton (D:4)
  2 worker ant zombies
  6 gnolls
  14 adders
  4 shadow imps
  An ooze (D:1)
  2 adder zombies (D:10)
  An adder skeleton (D:4)
  A worm (D:2)
  4 dart slugs
  4 leopard geckos
  48 orcs
  A ball python (D:12)
  7 giant cockroaches
  2 gnoll zombies (D:7)
  4 goblins
  8 hobgoblins
  16 jackals
  17 kobolds
  4 quokkas
  10 bats
  2 frilled lizards (D:1)
  A giant cockroach zombie (D:5)
  A jackal zombie (D:7)
  3 leopard gecko skeletons
  A quokka skeleton (D:9)
  A quokka zombie (D:7)
  3 rats
  A butterfly (Lair:1)
  5 fungi
  3 plants
527 creatures vanquished.

Vanquished Creatures (collateral kills)
  Rupert (D:12)
  Kirke (Lair:6)
  The ghost of emiel the Arsonist, a journeyman CeFE of Vehumet (Lair:6)
  A catoblepas (Lair:6)
  3 hydras
  A centaur warrior (D:10)
  2 two-headed ogres
  5 death yaks
  A deep troll shaman (Lair:6)
  2 orc high priests (Orc:2)
  A naga sharpshooter (Snake:1)
  An orc knight (Orc:2)
  2 ugly things
  3 oklob plants (Lair:3)
  9 elephants
  A cyclops (D:13)
  A centaur skeleton (D:12)
  A black mamba (Snake:1)
  5 spiny frogs
  2 rime drakes
  3 komodo dragons
  2 trolls
  A tyrant leech (Lair:2)
  A meliai (Lair:5)
  A queen bee (Lair:5)
  3 polar bears
  10 blink frogs
  2 hippogriffs
  A wyvern (Lair:5)
  3 hogs (Lair:5)
  21 yaks
  A hungry ghost (D:11)
  2 soldier ants (D:10)
  A warg (Orc:2)
  A swamp worm (Lair:2)
  2 nagas
  7 water moccasins
  A porcupine (Lair:5)
  8 orc warriors
  2 eyes of draining
  A black bear (Lair:4)
  3 necrophages
  4 ogres
  A tengu (Lair:5)
  5 crocodiles
  9 wolves
  A centaur (D:13)
  A big kobold (D:13)
  An earth elemental (Lair:1)
  A bullfrog (Lair:5)
  A scorpion (D:8)
  23 killer bees
  A wight (D:8)
  3 hounds
  7 orc priests
  2 orc wizards (D:11)
  4 worker ants
  A hell rat (Lair:5)
  A hound zombie (D:5)
  A mummy (D:7)
  2 adders (D:10)
  3 gnolls
  A leopard gecko (D:12)
  32 orcs
  A bat (D:1)
  A goblin (D:1)
  7 kobolds
  A quokka (D:6)
  6 fungi
  3 plants
245 creatures vanquished.

Vanquished Creatures (others)
  2 black mambas (Snake:1)
  A meliai (Lair:5)
  An orc wizard (D:4)
  2 worker ants (D:4)
  2 adders
  A worm (D:3)
  An orc (D:4)
  3 goblins (D:1)
  A hobgoblin (D:1)
  6 fungi
  16 plants
36 creatures vanquished.

Grand Total: 808 creatures vanquished

Notes
Turn   | Place    | Note
-------+----------+-------------------------------------------
     0 | D:1      | dvd the Spriggan Artificer began the quest for the Orb.
     0 | D:1      | Reached XP level 1. HP: 9/9 MP: 4/4
   310 | D:1      | Reached XP level 2. HP: 14/14 MP: 6/6
   667 | D:1      | Reached skill level 5 in Evocations
   722 | D:1      | Reached skill level 1 in Fighting
   902 | D:1      | Reached XP level 3. HP: 11/18 MP: 7/7
  1624 | D:2      | Found a snail-covered altar of Cheibriados.
  1908 | D:2      | Found a deep blue altar of Sif Muna.
  1909 | D:2      | Found an ancient bone altar of Kikubaaqudgha.
  1910 | D:2      | Found a radiant altar of Vehumet.
  1946 | D:2      | Identified Sif Muna's Grimoire of Dislocation
  2344 | D:3      | Reached XP level 4. HP: 22/22 MP: 9/9
  2507 | D:3      | Noticed an ogre
  2526 | D:3      | Killed an ogre
  2526 | D:3      | Reached XP level 5. HP: 25/25 MP: 10/10
  2642 | D:3      | Found a blossoming altar of Fedhas.
  2918 | D:3      | Noticed Jessica
  2936 | D:3      | Killed Jessica
  3114 | D:3      | Found a faded altar of an unknown god.
  3200 | D:4      | Reached skill level 5 in Stealth
  3269 | D:4      | Reached XP level 6. HP: 30/30 MP: 11/11
  3351 | D:4      | Found a hide-covered altar of Uskayaw.
  3544 | D:4      | Noticed Blork the orc
  3588 | D:4      | Killed Blork the orc
  3588 | D:4      | Reached skill level 1 in Throwing
  3847 | D:4      | Noticed a slave
  3859 | D:4      | Noticed Pikel
  3861 | D:4      | Noticed a slave
  3945 | D:4      | Killed a slave
  4008 | D:4      | Noticed a slave
  4013 | D:4      | Killed Pikel
  4013 | D:4      | Reached skill level 5 in Dodging
  4013 | D:4      | Reached XP level 7. HP: 34/34 MP: 12/12
  4235 | D:5      | Entered Level 5 of the Dungeon
  4321 | D:5      | Learned a level 1 spell: Summon Small Mammal
  4336 | D:5      | Noticed Edmund
  4357 | D:5      | Killed Edmund
  4452 | D:5      | Learned a level 2 spell: Call Imp
  4549 | D:5      | Reached skill level 5 in Short Blades
  4621 | D:5      | Reached XP level 8. HP: 30/39 MP: 5/14
  4746 | D:4      | Reached skill level 1 in Spellcasting
  4820 | D:5      | Found a burning altar of Makhleb.
  4985 | D:5      | Found a staircase to the Ecumenical Temple.
  5012 | Temple   | Entered the Ecumenical Temple
  5281 | D:5      | Found Gasunk's Antique Armour Shop.
  5486 | D:6      | Noticed Grinder
  5585 | D:5      | Reached skill level 1 in Summonings
  6049 | D:6      | Killed Grinder
  6337 | D:7      | Found a basalt altar of Yredelemnul.
  6456 | D:7      | Learned a level 3 spell: Call Canine Familiar
  6461 | D:7      | Found a shattered altar of Ashenzari.
  6627 | D:7      | Reached XP level 9. HP: 43/43 MP: 9/15
  6840 | D:7      | Paralysed by a hornet for 3 turns
  6847 | D:7      | Noticed Harold
  6983 | D:7      | Noticed harcile's ghost (novice HOBe)
  6986 | D:7      | Found a runed door.
  7477 | D:8      | Learned a level 4 spell: Summon Lightning Spire
  7820 | D:8      | Found a runed door.
  7821 | D:8      | Noticed harcile's ghost (novice HOBe)
  7863 | D:8      | Found a bloodstained altar of Trog.
  7897 | D:8      | Learned a level 3 spell: Regeneration
  7939 | D:8      | Reached skill level 5 in Spellcasting
  8261 | D:9      | Noticed Maurice
  8271 | D:9      | Killed Maurice
  8359 | D:9      | Reached XP level 10. HP: 35/47 MP: 19/19
  8975 | D:9      | Reached skill level 1 in Bows
  9096 | D:9      | Found a staircase to the Lair.
  9161 | D:9      | Reached skill level 2 in Bows
  9202 | D:9      | Noticed an unseen horror
  9209 | D:9      | Killed an unseen horror
  9209 | D:9      | Reached skill level 3 in Bows
  9251 | D:9      | Noticed a two-headed ogre
  9342 | D:9      | Killed a two-headed ogre
  9342 | D:9      | Reached skill level 5 in Bows
  9704 | D:9      | Found a hazy altar of Hepliaklqana.
  9831 | D:9      | Found a sparkling altar of Nemelex Xobeh.
  9832 | D:9      | Found a shadowy altar of Dithmenos.
  9838 | D:9      | Became a worshipper of Nemelex Xobeh the Trickster
  9859 | D:9      | Reached skill level 6 in Bows
  9880 | D:10     | Entered Level 10 of the Dungeon
  9885 | D:10     | Received a gift from Nemelex Xobeh
  9924 | D:10     | Reached skill level 1 in Charms
 10071 | D:10     | Found a burning altar of Makhleb.
 10653 | D:10     | Noticed a manticore
 10655 | D:10     | a manticore changed into a snapping turtle
 10748 | D:10     | Reached skill level 7 in Bows
 10826 | D:10     | Got a fine granite ring
 10827 | D:10     | Identified the ring "Sukeir" {*Tele rN+} (You found it on
                  | level 10 of the Dungeon)
 10903 | D:10     | Found a runed door.
 10903 | D:10     | Found a runed gate.
 10910 | D:10     | Found the +9 staff of Olgreb {rPois}
 10984 | D:10     | Noticed an unseen horror
 10987 | D:10     | Found a runed door.
 10996 | D:10     | Killed an unseen horror
 10999 | D:10     | Found a runed gate.
 11046 | D:10     | Found a runed gate.
 11191 | D:10     | Reached XP level 11. HP: 54/54 MP: 20/20
 11571 | D:10     | Noticed a centaur warrior
 11590 | D:10     | Killed a centaur warrior
 11624 | D:10     | Reached * piety under Nemelex Xobeh
 11889 | D:10     | Learned a level 4 spell: Animate Dead
 11951 | D:11     | Received a gift from Nemelex Xobeh
 12002 | D:11     | Noticed a brown ugly thing
 12021 | D:11     | Killed a brown ugly thing
 12121 | D:11     | Received a gift from Nemelex Xobeh
 12142 | D:11     | Reached skill level 8 in Bows
 12154 | D:11     | Reached skill level 5 in Fighting
 12642 | D:11     | Reached skill level 1 in Necromancy
 12907 | D:11     | Noticed a cyan ugly thing
 13027 | D:11     | Killed a red ugly thing
 13250 | D:11     | Reached ** piety under Nemelex Xobeh
 13457 | Lair:1   | Entered Level 1 of the Lair of Beasts
 13504 | Lair:1   | Reached skill level 1 in Air Magic
 13543 | Lair:1   | Found a dark tunnel.
 13557 | Volcano  | Entered a volcano
 13992 | Lair:1   | You fall through a shaft!
 14026 | Lair:2   | Noticed a six-headed hydra
 14049 | Lair:2   | Killed a six-headed hydra
 14049 | Lair:2   | Reached skill level 9 in Bows
 14093 | Lair:2   | Reached skill level 1 in Invocations
 14380 | Lair:2   | Found a staircase to the Swamp.
 14680 | Lair:2   | Reached *** piety under Nemelex Xobeh
 14680 | Lair:2   | Received a gift from Nemelex Xobeh
 14724 | Lair:2   | Reached XP level 12. HP: 60/60 MP: 5/23
 15925 | Lair:3   | Reached skill level 10 in Bows
 16404 | Lair:3   | Got an iridescent great sword
 16511 | Lair:3   | Learned a level 3 spell: Vampiric Draining
 16516 | Lair:3   | Upgraded the game from 0.22.0-49-gab54619 to
                  | 0.22.0-60-ga52c2fc
 16529 | Lair:4   | Noticed a six-headed hydra
 16637 | Lair:4   | Received a gift from Nemelex Xobeh
 16966 | Lair:4   | Killed a six-headed hydra
 16966 | Lair:4   | Reached skill level 5 in Summonings
 17132 | Lair:4   | Found a staircase to the Snake Pit.
 17299 | Lair:4   | Reached skill level 5 in Necromancy
 17814 | Lair:5   | Reached **** piety under Nemelex Xobeh
 17814 | Lair:5   | Noticed Kirke
 17878 | Lair:5   | Received a gift from Nemelex Xobeh
 17896 | Lair:5   | Noticed a seven-headed hydra
 17909 | Lair:5   | Killed a seven-headed hydra
 17909 | Lair:5   | Reached skill level 10 in Stealth
 17909 | Lair:5   | Reached XP level 13. HP: 65/65 MP: 22/26
 18220 | Lair:5   | Received a gift from Nemelex Xobeh
 18941 | Lair:5   | Reached skill level 10 in Short Blades
 18969 | Lair:5   | Reached skill level 11 in Bows
 19762 | Lair:5   | Received a gift from Nemelex Xobeh
 20128 | Lair:6   | Entered Level 6 of the Lair of Beasts
 20153 | Lair:6   | Reached skill level 10 in Dodging
 20161 | Lair:6   | Noticed Nessos
 20550 | D:7      | Killed harcile's ghost
 20658 | D:7      | Gained mutation: Your system is resistant to poisons.
                  | (rPois) [potion of mutation]
 20658 | D:7      | Gained mutation: You are agile. (Dex +2) [potion of
                  | mutation]
 20658 | D:7      | Gained mutation: You have a pair of small antennae on your
                  | head. [potion of mutation]
 20688 | D:7      | Killed Harold
 20794 | D:8      | Killed harcile's ghost
 21226 | D:12     | Noticed Rupert
 21230 | D:12     | Found a staircase to the Orcish Mines.
 21385 | D:12     | Killed Rupert
 21385 | D:12     | Reached skill level 10 in Evocations
 21526 | D:12     | Reached ***** piety under Nemelex Xobeh
 21553 | D:12     | Learned a level 4 spell: Airstrike
 21558 | D:12     | Learned a level 4 spell: Summon Ice Beast
 21577 | D:12     | Noticed Erolcha
 21592 | D:12     | Killed Erolcha
 21628 | D:12     | Received a gift from Nemelex Xobeh
 21827 | D:12     | Received a gift from Nemelex Xobeh
 22046 | D:12     | Received a gift from Nemelex Xobeh
 22229 | D:12     | Got a shimmering falchion
 22230 | D:12     | Identified the +9 falchion "Ahokhly" {freeze, rC+} (You
                  | found it on level 12 of the Dungeon)
 22641 | Orc:1    | Entered Level 1 of the Orcish Mines
 22758 | Orc:1    | Found a runed gate.
 22758 | Orc:1    | Noticed Kagorn's ghost (journeyman GrBe)
 22759 | Orc:1    | Found a runed gate.
 22759 | Orc:1    | Found a runed gate.
 22864 | Orc:1    | Found Umonih's Food Boutique.
 22908 | Orc:1    | Bought a ration for 65 gold pieces
 22908 | Orc:1    | Bought a ration for 65 gold pieces
 22908 | Orc:1    | Bought a ration for 65 gold pieces
 22908 | Orc:1    | Bought a ration for 65 gold pieces
 22908 | Orc:1    | Bought a ration for 65 gold pieces
 22908 | Orc:1    | Bought a ration for 65 gold pieces
 22908 | Orc:1    | Bought a ration for 65 gold pieces
 22908 | Orc:1    | Bought a ration for 65 gold pieces
 22908 | Orc:1    | Bought a ration for 65 gold pieces
 23046 | Orc:1    | Reached XP level 14. HP: 70/70 MP: 23/28
 23128 | Orc:1    | Received a gift from Nemelex Xobeh
 23425 | Orc:2    | Entered Level 2 of the Orcish Mines
 23814 | Orc:2    | Found a staircase to the Elven Halls.
 23855 | Orc:2    | Reached skill level 1 in Long Blades
 24294 | Orc:1    | Killed Kagorn's ghost
 24921 | Orc:2    | Found Yhymonk's Weapon Boutique.
 24921 | Orc:2    | Found Cocianud's Food Shoppe.
 25136 | Orc:2    | Found a roughly hewn altar of Beogh.
 25249 | Orc:2    | Found Wuhu Ruk's Antique Weapon Shoppe.
 25249 | Orc:2    | Found Quaggopias's Magic Scroll Boutique.
 25254 | Orc:2    | Bought a brightly glowing long sword for 153 gold pieces
 25254 | Orc:2    | Identified the +8 long sword of Xom's Envy {slice, rN++
                  | MP+9} (You bought it in a shop on level 2 of the Orcish
                  | Mines)
 25667 | Orc:2    | Received a gift from Nemelex Xobeh
 25688 | Orc:2    | Found Letej's Magic Scroll Boutique.
 25963 | Orc:2    | Bought the +8 dagger "Viso" {elec, Int+3 SInv} for 1000
                  | gold pieces
 26108 | D:13     | Learned a level 3 spell: Recall
 26123 | D:13     | Found a gate to the Vaults.
 26461 | D:13     | Received a gift from Nemelex Xobeh
 27085 | Lair:6   | Found a staircase to the Slime Pits.
 27085 | Lair:6   | Found a viscous altar of Jiyva.
 27085 | Lair:6   | Noticed Nergalle
 27286 | Lair:6   | Killed Nessos
 27286 | Lair:6   | Reached skill level 10 in Spellcasting
 27336 | Lair:6   | Killed Kirke
 27336 | Lair:6   | Reached skill level 12 in Bows
 27363 | Lair:6   | Received a gift from Nemelex Xobeh
 27397 | Lair:6   | Killed Nergalle
 27481 | Lair:6   | Found a runed gate.
 27483 | Lair:6   | Found a runed gate.
 27483 | Lair:6   | Found a runed gate.
 27484 | Lair:6   | Noticed emiel's ghost (journeyman CeFE)
 27627 | Lair:6   | Received a gift from Nemelex Xobeh
 27901 | Lair:6   | Reached skill level 1 in Translocations
 28694 | Lair:6   | Killed emiel's ghost
 28819 | Snake:1  | Entered Level 1 of the Snake Pit
 28904 | Snake:1  | Noticed Nikola
 28959 | Snake:1  | Killed from afar by Nikola

Skill      XL: |  1  2  3  4  5  6  7  8  9 10 11 12 13 14 |
---------------+-------------------------------------------+-----
Evocations     | 5 6 7 8 10 11 | 11.8
Fighting       | 1 3 4 5 6 7 |  7.4
Stealth        | 2 3 5 6 7 8 9 10 | 10.9
Short Blades   | 2 3 4 5 6 8 9 10 | 10.4
Dodging        | 4 5 6 7 9 10 11 | 11.9
Throwing       | 2 3 4 |  4.2
Spellcasting   | 3 5 7 8 9 10 | 10.5
Summonings     | 2 4 5 |  5.4
Bows           | 7 9 10 11 12 | 12.0
Charms         | 1 2 3 |  3.6
Necromancy     | 3 5 6 7 |  7.5
Air Magic      | 3 4 |  4.7
Invocations    | 1 2 |  2.4
Long Blades    | 3 |  3.7
Translocations | 1 |  1.2
Armour         | |  0.9

Action                   |  1- 3 |  4- 6 |  7- 9 | 10-12 | 13-15 || total
-------------------------+-------+-------+-------+-------+-------++-------
Melee: Short sword       |   123 |   171 |   100 |       |       ||   394
       Rapier            |       |       |   272 |   382 |   353 ||  1007
       Scimitar          |       |       |     2 |       |       ||     2
       Falchion          |       |       |       |       |   306 ||   306
       Dagger            |       |       |       |       |    10 ||    10
       Long sword        |       |       |       |       |     2 ||     2
 Fire: Shortbow          |       |       |       |   651 |   425 ||  1076
Throw: Tomahawk          |     4 |    26 |    51 |     6 |    19 ||   106
 Cast: Summon Small Mamm |       |       |    25 |       |       ||    25
       Call Imp          |       |       |    42 |     4 |       ||    46
       Call Canine Famil |       |       |    13 |    15 |     7 ||    35
       Regeneration      |       |       |       |    14 |    33 ||    47
       Summon Lightning  |       |       |       |    40 |    63 ||   103
       Animate Dead      |       |       |       |    13 |    55 ||    68
       Vampiric Draining |       |       |       |       |    51 ||    51
       Airstrike         |       |       |       |       |     6 ||     6
       Recall            |       |       |       |       |     7 ||     7
       Summon Ice Beast  |       |       |       |       |     3 ||     3
Evoke: Wand              |    22 |    26 |    14 |    16 |    12 ||    90
       Deck              |       |       |       |    36 |    79 ||   115
       Box of beasts     |       |       |       |     1 |       ||     1
       Staff of Olgreb   |       |       |       |       |     7 ||     7
  Use: Scroll            |     2 |     5 |     7 |     5 |    12 ||    31
       Potion            |       |       |     3 |     1 |     9 ||    13
 Stab: Sleeping          |     6 |     7 |    15 |    18 |     7 ||    53
       Paralysed         |       |     2 |       |       |     3 ||     5
       Distracted        |       |     1 |     3 |     6 |    16 ||    26
       Petrifying        |       |       |       |       |     3 ||     3
  Eat: Ration            |       |     1 |     5 |    10 |    11 ||    27
Armor: Robe              |    12 |    19 |     7 |     4 |    33 ||    75
       Troll leather arm |       |       |       |     7 |       ||     7
Dodge: Dodged            |    92 |   152 |   301 |   278 |   711 ||  1534
       Rpst.: Scimitar   |       |       |     2 |       |       ||     2
       Falchion          |       |       |       |       |    95 ||    95
